cohdb
Replays
Latest Replays
All Replays
Popular Replays
Top Player Replays
Match Explorer
How It Works
Community
CoH3 Stats
Reddit
Sign in to upload your games and track your stats! →
Sign in with Steam
Match 45797089
Unlisted
Match 45797089
Overview
Messages
Build Orders
End
Construct Section Command Post
Dingo Light Scout Car
Selects Air and Sea Battlegroup
Infantry Section
Infantry Section
Infantry Section
Grenade Package
Construct Platoon Command Post
Humber Armored Car
Construct Field Infirmary
Selects Supply Surplus
Selects UNKNOWN (223837)
ML 3-inch Mortar Team
Construct Company Command Post
Selects Assault Flares
Foot Guards Section
Assault Flares
6-pounder Anti-tank Gun Team
Foot Guards Section
Infantry Training
Selects Commando Section Paradrop
Selects M1 Pack Howitzer Paradrop
POOH
DawarudoDestroya
Patton
Altair9527
wila
Royce
LittleFatty233
Calm
0
0
Comments
sign in to comment!
No comments posted yet!